cohdb
Replays
Latest Replays
All Replays
Popular Replays
Top Player Replays
Match Explorer
How It Works
Community
CoH3 Stats
Reddit
Sign in to upload your games and track your stats! →
Sign in with Steam
Match 41451492
Unlisted
Match 41451492
Overview
Messages
Build Orders
End
Construct Infanterie Kompanie
Pioneer Squad
Selects Terror Battlegroup
Selects Machine Gun Camouflage
Grenadier Squad
MG 42 Machine Gun Team
Grenadier Squad
Grenadier Squad
Infanterie Officer Quarters
Construct Panzergrenadier Kompanie
Construct Luftwaffe Kompanie
Support Elements
Selects Contempt for the Weak
Marder III M Tank Destroyer
Jäger Squad
MG 42 Machine Gun Team
Marder III M Tank Destroyer
Marder III M Tank Destroyer
silverhand
ibra_iq
KusseKarl
BeerGrills
0
0
Comments
sign in to comment!
No comments posted yet!